 Dungeon Crawl Stone Soup version 0.29.1-2-gbd0b4ee654 (webtiles) character file.

Game seed: 18052622369814684223

95 SBALLER the Trooper (level 4, -4/34 (37) HPs)
             Began as a Formicid Fighter on Nov 9, 2022.
             Killed by nerve-wracking pain
             ... invoked by an orc priest
              (9 damage)
             ... on level 3 of the Dungeon.
             The game lasted 00:04:35 (2390 turns).

SBALLER the Trooper (Formicid Fighter)              Turns: 2390, Time: 00:04:36

HP:   -4/34 (37)    AC:  8    Str: 28    XL:     4   Next: 95%
MP:   4/4           EV:  9    Int:  8    God:
Gold: 141           SH:  5    Dex: 13    Spells: 3/3 levels left

rFire   . . .      SeeInvis +   a - +0 flail
rCold   . . .      Faith    .   c - +0 buckler
rNeg    . . .      Spirit   .   b - +0 scale mail
rPois   .          Reflect  .   (helmet unavailable)
rElec   .          Harm     .   (no cloak)
rCorr   .          Rampage  .   (no gloves)
Will    .....                   h - +0 pair of boots
Stlth   ..........              (no amulet)
HPRegen 0.11/turn               k - +6 ring of strength
MPRegen 0.09/turn               (no ring)

@: drained
A: permanent stasis, dig shafts and tunnels, antennae 3, four strong arms
a: Dig, Shaft Self


You were on level 3 of the Dungeon.
You visited 1 branch of the dungeon, and saw 3 of its levels.

You collected 141 gold pieces.

Inventory:

Hand Weapons
 a - a +0 flail (weapon)
Missiles
 l - 6 poisoned darts
Armour
 b - a +0 scale mail (worn)
 c - a +0 buckler (worn)
 h - a +0 pair of boots (worn)
Jewellery
 k - a +6 ring of strength (left hand)
 o - a +6 ring of strength
Scrolls
 g - a scroll of blinking {unknown}
 i - 2 scrolls of noise {unknown}
 j - 2 scrolls of enchant weapon {unknown}
 m - 2 scrolls of identify {unknown}
 n - a scroll of magic mapping {unknown}
 p - a scroll of acquirement {unknown}
 q - a scroll of silence {unknown}
Potions
 d - a potion of might
 e - a potion of flight {unknown}
 f - 3 potions of curing {unknown}


   Skills:
 + Level 4.2 Fighting
 * Level 4.0 Maces & Flails
 - Level 3.2 Armour
 - Level 4.0 Shields


You had 3 spell levels left.
You didn't know any spells.
Your spell library contained the following spells:

 Spells                   Type           Power      Damage    Failure   Level
 Foxfire                  Conj/Fire      0%         2x1d4     75%         1
 Conjure Flame            Conj/Fire      0%         6-21      98%         3
 Inner Flame              Hex/Fire       0%         N/A       98%         3
 Cause Fear               Hex            0%         N/A       100%        4
 Flame Wave               Conj/Fire      0%         2d4       100%        4
 Discord                  Hex            0%         N/A       100%        8


Dungeon Overview and Level Annotations

Branches:
Dungeon (3/15)

Altars:


Innate Abilities, Weirdness & Mutations

You cannot be hasted, slowed, berserked, paralysed or teleported.
You can dig through walls and to a lower floor.
You have a pair of large antennae on your head. (SInv)
Your four strong arms can wield two-handed weapons with a shield.


Message History

You hit the giant cockroach.
You kill the giant cockroach!
No target in view!
No target in view!
No target in view!
You sense a monster nearby. 3 orcs come into view.
An orc is wielding a +2 whip of distortion.
The orc shouts! x3; You hear a shout!
An orc priest comes into view. It is wielding a +0 club.
You hit the orc.
The orc is heavily wounded.
The orc barely misses you.
You closely miss the orc.
The orc is heavily wounded.
The orc priest calls down the wrath of Beogh upon you.
Beogh smites you!
You extend your mandibles.
You dig through the rock wall.
You feel drained.
You dig through the rock wall.
You feel drained.
You retract your mandibles.
You barely miss the orc. The orc hits you but does no damage.
Space warps horribly around you!!
Ouch! That really hurt!
* * * LOW HITPOINT WARNING * * *
Okay, then.
You barely miss the orc. You block the orc's attack.
The orc closely misses you.
You thump the orc!
You kill the orc!
You closely miss the orc.
The orc is moderately wounded.
The orc hits you but does no damage.
You sock the orc!
You kill the orc!
You sock the orc priest!
The orc priest is severely wounded.
The orc priest invokes the aid of Beogh against you.
Pain shoots through your body!
You die...

.....#..#####.#..#
###[# ...###....#
#.#..# #...#
....#).##.# #.#..#
#.### #..##...###
#.#..#### #.#
##.'..#...#
#.#.....# #.#
###########
#.##.##.# #)# ..#
#.##.#>.# ####)#
#.#
#.##....###....#
#.#
#.{#@.†.......##
#.#
#.#o#.>.###.#.#
#.#
.o{{..o.####.##
#.#.# #.#
######### #.#
#.#.. #.# #.#
#.#### #.# #.# #.#
#.# #.# #.# #.#
#.# #.# #.#
######.####.#


You could see an orc priest.

Vanquished Creatures
  An adder (D:2)
  3 worms
  2 dart slugs
  8 orcs (D:3)
  An endoplasm (D:1)
  3 giant cockroaches
  9 goblins
  5 hobgoblins
  4 jackals (D:1)
  2 quokkas (D:1)
  5 ball pythons
  7 bats
  2 frilled lizards (D:1)
  6 kobolds
  4 rats
62 creatures vanquished.

Notes
Turn   | Place    | Note
-------+----------+-------------------------------------------
     0 | D:1      | SBALLER the Formicid Fighter began the quest for the Orb.
     0 | D:1      | Reached XP level 1. HP: 18/18 MP: 1/1
   108 | D:1      | Reached XP level 2. HP: 19/24 MP: 2/2
   283 | D:1      | Found a faded altar of an unknown god.
   458 | D:1      | Reached XP level 3. HP: 24/29 MP: 3/3
  1332 | D:2      | Reached XP level 4. HP: 27/36 MP: 4/4
  1596 | D:2      | Identified the +10 short sword "Ages" {vorpal, Str+2 Int+3}
  2390 | D:3      | Killed from afar by an orc priest

Illustrated notes

Levels and vault maps discovered:
D:1:      lightli_arrival_statue_moat, layout_loops_ring,
          hellmonk_ecumenical_altar_dog_temple
D:2:      layout_basic
D:3:      minmay_razor_zed, layout_loops_ring

Skill      XL: |  1  2  3  4 |
---------------+-------------+-----
Maces & Flails | 3 4 |  4.0
Fighting       | 4 |  4.2
Armour         | |  3.2
Shields        | |  4.0

Action                   |  1- 3 |  4- 6 || total
-------------------------+-------+-------++-------
Melee: Flail             |   124 |    75 ||   199
 Abil: Dig               |       |     1 ||     1
Armor: Scale mail        |    74 |    29 ||   103
Dodge: Dodged            |    70 |    26 ||    96
Block: Buckler           |    31 |    16 ||    47
